 Dungeon Crawl Stone Soup version 0.27-a0-1177-g245c70e1c0 (webtiles) character file.

Game seed: 8002702330412167150

8635 freelancePsychic the Geomancer (level 11, -1/93 HPs)
             Began as a Troll Earth Elementalist on May 16, 2021.
             Slain by a vampire (7 damage)
             ... on level 10 of the Dungeon.
             The game lasted 00:28:57 (11649 turns).

freelancePsychic the Geomancer (TrEE)              Turns: 11649, Time: 00:28:58

Health: -1/93      AC: 14    Str: 19    XL:     11   Next: 12%
Magic:  11/11      EV:  9    Int: 13    God:
Gold:   653        SH:  0    Dex: 10    Spells: 7/12 levels left

rFire    . . .     SeeInvis .     - Unarmed
rCold    . . .     Faith    .   (no shield)
rNeg     . . .     Spirit   .   x - +0 steam dragon scales
rPois    .         Reflect  .   o - +2 hat
rElec    .         Harm     .   t - +0 cloak
rCorr    .         Rampage  .   (gloves unavailable)
Will     .....                  (boots unavailable)
Stlth    +.........             (no amulet)
HPRegen  1.25/turn              n - +4 ring of protection
MPRegen  0.12/turn              (no ring)

@: very slightly contaminated, invisible
A: large, unfitting armour, claws 3, regeneration 1, shaggy fur 1, tough skin 1
a: no special abilities


You were on level 10 of the Dungeon.
You visited 2 branches of the dungeon, and saw 11 of its levels.
You also visited: Ossuary.

You collected 653 gold pieces.

Inventory:

Missiles
 b - 248 stones
 k - 8 large rocks
 v - 3 atropa-tipped darts
 y - a curare-tipped dart
Armour
 c - a +0 robe
 o - a +2 hat (worn)
 q - a +0 tower shield
 t - a +0 cloak (worn)
 x - +0 steam dragon scales (worn)
Jewellery
 n - a +4 ring of protection (left claw)
Wands
 u - a wand of digging (3)
 B - a wand of flame (16)
Scrolls
 e - a scroll of fear
 f - 3 scrolls of enchant weapon
 j - 4 scrolls of amnesia
 s - a scroll of magic mapping
 A - a scroll of identify {@r1}
Potions
 a - a potion of attraction {unknown}
 d - 3 potions of brilliance
 h - a potion of flight {unknown}
 i - 2 potions of heal wounds {unknown}
 m - 2 potions of haste {unknown}
 p - 2 potions of lignification {unknown}
 r - 2 potions of ambrosia
 w - a potion of might {unknown}
 z - a potion of cancellation {unknown}


   Skills:
 - Level 2.1 Fighting
 - Level 1.5 Dodging
 - Level 1.0 Stealth
 * Level 8.2 Shields
 - Level 7.5 Unarmed Combat
 - Level 1.2 Spellcasting
 - Level 5.3 Transmutations
 - Level 9.1 Earth Magic


You had 7 spell levels left.
You knew the following spells:

 Your Spells              Type           Power      Damage    Failure   Level
a - Sandblast             Erth           48%        2d12      1%          1
b - Petrify               Tmut/Erth      19%        N/A       14%         4

Your spell library contained the following spells:

 Spells                   Type           Power      Damage    Failure   Level
 Passwall                 Tmut/Erth      15%        N/A       2%          2
 Stone Arrow              Conj/Erth      24%        3d8       13%         3
 Lee's Rapid Deconstruct  Erth           12%        3d9*      19%         5


Dungeon Overview and Level Annotations

Branches:
Dungeon (10/15)            Temple (1/1) D:4             Orc (0/2) D:10
Ossuary (visited)
   Lair: D:8-11

Altars:
Ashenzari
Cheibriados
Dithmenos
Elyvilon
Fedhas
Gozag
Kikubaaqudgha
Makhleb
Okawaru
Qazlal
Ru
Uskayaw
Vehumet
Wu Jian
Xom
Yredelemnul
Zin
The Shining One


Innate Abilities, Weirdness & Mutations

You are too large for most types of armour.
You have claws for hands.
Your natural rate of healing is unusually fast.
You are covered in fur. (AC +1)
You have tough skin. (AC +1)


Message History

The vampire draws strength from your injuries!
You closely miss the vampire.
The vampire is lightly damaged.
The vampire hits you but does no damage.
The vampire bites you but does no damage.
You're too confused to move!
The vampire hits you.
* * * LOW HITPOINT WARNING * * *
The vampire bites you but does no damage.
Unknown command.
Sorry, you're not good enough to have a special ability.
Welcome back, freelancePsychic the Troll Earth Elementalist.
Press ? for a list of commands and other information.
You are too confused!
You bump into the rock wall.
You feel less confused.
The vampire hits you but does no damage.
The vampire barely misses you.
Okay, then.
As you read the scroll of fear, it crumbles to dust.
You assume a fearsome visage.
The orc priest looks frightened!
The vampire is unaffected.
The meliai zombie is unaffected.
The vampire hits you but does no damage.
The vampire barely misses you.
You claw the vampire!
The vampire is heavily damaged.
The vampire closely misses you. The vampire bites you.
* * * LOW HITPOINT WARNING * * *
The vampire draws strength from your injuries!
You scratch the vampire but do no damage.
The vampire is heavily damaged.
The vampire hits you.
* * * LOW HITPOINT WARNING * * *
The vampire bites you!
* * * LOW HITPOINT WARNING * * *
The vampire draws strength from your injuries!
You scratch the vampire.
The vampire is heavily damaged.
The vampire hits you!
You die...

..............
.............
............
...........
..o.......
.....>...
#.#####........
#...@VZ........
#.#####).......
#........
#........
.........
.#.##.### . ..
.# ## .# #


You could see a vampire and a meliai zombie.

Vanquished Creatures
  2 two-headed ogres (D:9)
  A cyclops (D:9)
  Maggie (D:7)
  A vampire (D:8)
  A shadow (D:9)
  A wyvern (D:8)
  13 yaks
  A steam dragon (D:7)
  2 acid dragons (D:9)
  A warg (D:10)
  A water moccasin (D:7)
  Duvessa (D:6)
  A sky beast (D:5)
  3 black bears
  4 orc warriors
  2 necrophages
  2 ice beasts
  2 ogres
  3 centaurs
  Blork the orc (D:6)
  2 kobold brigands (D:8)
  2 wyvern zombies (D:9)
  Dowan (D:6)
  12 killer bees
  5 wights (D:8)
  2 howler monkeys (D:9)
  A centaur zombie (D:8)
  A jelly (D:5)
  4 hounds
  6 orc priests
  Crazy Yiuf (D:5)
  3 iguanas
  4 orc wizards
  3 killer bee zombies
  A hound skeleton (D:4)
  8 mummies (Ossuary)
  A howler monkey zombie (D:8)
  4 gnolls (D:6)
  10 adders
  A shadow imp (D:8)
  3 white imps
  2 ufetubi
  An adder skeleton (D:4)
  4 worms
  2 dart slugs
  32 orcs
  10 endoplasms
  8 giant cockroaches
  8 goblins
  16 hobgoblins
  10 jackals
  19 kobolds
  A quokka (D:2)
  6 ball pythons
  5 bats
  3 frilled lizards
  2 hobgoblin zombies (Ossuary)
  4 kobold zombies (Ossuary)
  2 orc zombies (Ossuary)
  7 rats
261 creatures vanquished.

Notes
Turn   | Place    | Note
-------+----------+-------------------------------------------
     0 | D:1      | freelancePsychic the Troll Earth Elementalist began the
                  | quest for the Orb.
     0 | D:1      | Reached XP level 1. HP: 16/16 MP: 1/1
     1 | D:1      | Found a runed translucent door.
   170 | D:1      | Reached skill level 1 in Unarmed Combat
   246 | D:1      | Reached XP level 2. HP: 26/26 MP: 2/2
   646 | D:1      | Reached skill level 1 in Fighting
   803 | D:1      | Reached XP level 3. HP: 33/33 MP: 3/3
  1246 | D:2      | Reached XP level 4. HP: 41/41 MP: 4/4
  2096 | D:3      | Found a faded altar of an unknown god.
  2122 | D:3      | Found a glowing golden altar of the Shining One.
  2763 | D:3      | Found a broken altar of Ashenzari.
  3167 | D:4      | Reached XP level 5. HP: 49/49 MP: 0/5
  3357 | D:4      | Found a staircase to the Ecumenical Temple.
  3382 | D:4      | Reached skill level 1 in Transmutations
  3382 | D:4      | Reached skill level 3 in Earth Magic
  3423 | Temple   | Entered the Ecumenical Temple
  3698 | D:4      | Noticed a necrophage
  3705 | D:4      | Killed a necrophage
  3706 | D:4      | Reached XP level 6. HP: 52/57 MP: 3/6
  4024 | D:5      | Entered Level 5 of the Dungeon
  4126 | D:5      | Noticed a sky beast
  4155 | D:5      | Killed a sky beast
  4156 | D:5      | Reached skill level 4 in Earth Magic
  4226 | D:5      | Found a runed translucent door.
  4227 | D:5      | Noticed Crazy Yiuf
  4300 | D:5      | Reached XP level 7. HP: 60/65 MP: 4/7
  4727 | D:5      | Reached skill level 5 in Earth Magic
  4789 | D:5      | Found a burning altar of Makhleb.
  5054 | D:5      | Noticed a yak
  5055 | D:5      | Noticed a yak
  5055 | D:5      | Noticed a yak
  5075 | D:5      | Noticed a yak
  5077 | D:5      | Noticed a yak
  5079 | D:5      | Killed a yak
  5092 | D:5      | Killed a yak
  5093 | D:5      | Reached XP level 8. HP: 41/72 MP: 8/8
  5115 | D:5      | Reached skill level 6 in Earth Magic
  5237 | D:5      | Learned a level 4 spell: Petrify
  5313 | D:5      | Reached skill level 5 in Transmutations
  5516 | D:5      | Killed Crazy Yiuf
  5817 | D:6      | Reached skill level 7 in Earth Magic
  5836 | D:6      | Identified the +3 hand axe "Raral" {freeze, rF+ Stlth+}
  6320 | D:6      | Noticed Dowan
  6323 | D:6      | Noticed Duvessa
  6339 | D:6      | Killed Duvessa
  6340 | D:6      | Reached XP level 9. HP: 39/79 MP: 5/9
  6343 | D:6      | Killed Dowan
  6452 | D:6      | Reached skill level 5 in Unarmed Combat
  6933 | D:6      | Noticed Blork the orc
  6944 | D:6      | Killed Blork the orc
  7415 | D:7      | Found a sand-covered staircase.
  7422 | D:7      | Found a stormy altar of Qazlal.
  7438 | Ossuary  | Entered an ossuary
  7762 | D:7      | Reached skill level 8 in Earth Magic
  8006 | D:7      | Found an opulent altar of Gozag.
  8249 | D:7      | Noticed Maggie
  8495 | D:7      | Killed Maggie
  8496 | D:7      | Reached skill level 9 in Earth Magic
  8575 | D:7      | Noticed an angel
  8577 | D:7      | Found a shimmering altar of Xom.
  8577 | D:7      | Found a glowing silver altar of Zin.
  8722 | D:8      | Found a radiant altar of Vehumet.
  8806 | D:8      | Reached XP level 10. HP: 87/87 MP: 7/10
  8933 | D:8      | Reached skill level 1 in Shields
  9888 | D:9      | Noticed a cyclops
  9892 | D:9      | Noticed a two-headed ogre
  9939 | D:9      | Killed a cyclops
  9940 | D:9      | Reached skill level 5 in Shields
 10026 | D:9      | Killed a two-headed ogre
 10438 | D:9      | Noticed a two-headed ogre
 10645 | D:9      | Killed a two-headed ogre
 10803 | D:9      | Found the +10 zealot's sword {holy, *Rage rN+ EV+3}
 10998 | D:9      | Reached XP level 11. HP: 76/93 MP: 11/11
 11577 | D:10     | Entered Level 10 of the Dungeon
 11577 | D:10     | Found a staircase to the Orcish Mines.
 11649 | D:10     | Slain by a vampire

Illustrated notes

Levels and vault maps discovered:
D:1:      dpeg_arrival_caged_fury, layout_basic
D:2:      layout_loops_ring, serial_rivers, chequers_serial_rivers_small_b,
          chequers_serial_rivers_micro_e, chequers_serial_rivers_large_a,
          chequers_serial_rivers_micro_a, chequers_serial_rivers_small_a
D:3:      layout_loops_ring, overflow_temple_1_default,
          nicolae_tso_swordbearing_angel, hellmonk_ecumenical_altar_crossroads,
          kennysheep_cross_bottleneck, kennysheep_small_spiral,
          hangedman_decor_opposing
D:4:      layout_loops_ring, temple_pool_b
D:5:      layout_basic, lemuel_coloured_pillars_altar, grunt_ministairs_8,
          corexii_hall_statues_t, minmay_statues_item,
          chequers_serial_rivers_small_b, solitary_fountain,
          uniq_crazy_yiuf_cottage
D:6:      corexii_shantytown, layout_basic, uniq_duvessa, uniq_blork_the_orc
D:7:      layout_basic, grunt_temple_overflow_order_and_chaos_1,
          kennysheep_mini, kennysheep_little_box, chequers_ossuary_entry_cave,
          minmay_misc_feat_room, uniq_maggie
D:8:      layout_rooms, fiery_altar_vehumet, nzn_life_drinkers
D:9:      layout_basic
D:10:     layout_basic, nzn_overflow_gifts_of_might_and_magic,
          nemelex_spade_bored_becter, nicolae_overflow_crystal_walls,
          david_orc_3, serial_shops, nicolae_shop_waterfront, ebering_ghost_xom,
          kennysheep_generic_room_2
Temple:   compressed_dpeg_circular_temple

Skill      XL: |  1  2  3  4  5  6  7  8  9 10 11 |
---------------+----------------------------------+-----
Unarmed Combat | 1 2 4 7 |  7.5
Fighting       | 1 2 |  2.1
Transmutations | 1 2 4 5 |  5.3
Earth Magic    | 3 4 5 7 9 |  9.1
Shields        | 7 8 |  8.2
Dodging        | |  1.5
Stealth        | |  1.0
Spellcasting   | |  1.2

Action                   |  1- 3 |  4- 6 |  7- 9 | 10-12 || total
-------------------------+-------+-------+-------+-------++-------
Melee: Unarmed           |   112 |   106 |   420 |   324 ||   962
       Punch             |     1 |     1 |     9 |    17 ||    28
 Cast: Sandblast         |    14 |    43 |    29 |    19 ||   105
       Petrify           |       |       |    20 |    25 ||    45
  Use: Scroll            |       |       |    15 |     3 ||    18
       Potion            |       |       |     1 |     9 ||    10
 Stab: Sleeping          |     2 |     1 |     2 |       ||     5
       Petrified         |       |       |    38 |    34 ||    72
       Invisible         |       |       |     1 |       ||     1
       Petrifying        |       |       |       |     1 ||     1
Armor: Robe              |    48 |    47 |   164 |       ||   259
       Steam dragon scal |       |       |    12 |   176 ||   188
Dodge: Dodged            |    58 |    51 |   195 |   105 ||   409

Table legend: (Time is in decaauts)
 A = Elapsed time spent in this place.
 B = Non-inter-level travel time spent in this place.
 C = Inter-level travel time spent in this place.
 D = Time resting spent in this place.
 E = Time spent auto-exploring this place.
 F = Levels seen in this place.
 G = Mean time per level.
                   A        B        C        D        E       F      G
               +--------+--------+--------+--------+--------+-----+--------+
         Total |  11593 |  11203 |    390 |    426 |   8276 |  12 |  966.1 |
       Dungeon |  11178 |  10814 |    364 |    426 |   7988 |  10 | 1117.8 |
        Temple |    110 |     84 |     26 |      0 |     84 |   1 |  110.0 |
       Ossuary |    304 |    304 |      0 |      0 |    204 |   1 |  304.0 |
               +--------+--------+--------+--------+--------+-----+--------+

Top non-repeatable levels by time:
     D:9: 1976 daAuts
     D:6: 1919 daAuts
     D:5: 1592 daAuts
     D:2: 1257 daAuts
     D:3: 1049 daAuts
     D:8: 859 daAuts
     D:7: 842 daAuts
     D:1: 823 daAuts
     D:4: 795 daAuts
 Ossuary: 304 daAuts
  Temple: 110 daAuts
    D:10: 63 daAuts
